 Dungeon Crawl Stone Soup version 0.29-a0-834-g1e95ca9f62 (webtiles) character file.

Game seed: 7517031634815629366

151 StoneSoupSpirits the Cudgeller (level 5, -2/32 HPs)
             Began as a Demonspawn Chaos Knight on July 12, 2022.
             Was a Plaything of Xom.
             Slain by Ijyb the lindwurm (glowing shapeshifter) (5 damage)
             ... on level 3 of the Dungeon.
             The game lasted 00:02:46 (2150 turns).

StoneSoupSpirits the Cudgeller (DsCK)               Turns: 2150, Time: 00:02:47

Health: -2/32      AC:  4    Str: 15    XL:     5   Next: 10%
Magic:  5/5        EV: 11    Int: 11    God:    Xom [.....*]
Gold:   173        SH:  0    Dex: 12    Spells: 4/4 levels left

rFire   + . .      SeeInvis .   a - +0 mace (chaos)
rCold   + . .      Faith    .   (no shield)
rNeg    . . .      Spirit   .   b - +2 leather armour
rPois   .          Reflect  .   (helmet restricted)
rElec   .          Harm     .   q - scarf {rC+ rF+}
rCorr   .          Rampage  .   (no gloves)
Will    .....                   e - +0 pair of boots
Stlth   +.........              (no amulet)
HPRegen 0.10/turn               (no ring)
MPRegen 0.09/turn               (no ring)

@: cleaving
A: foul stench 1, spiny 1, weakness stinger 1, demonic touch 1, horns 1,
deformed body, dopey 1, frail 2
a: Renounce Religion


You were on level 3 of the Dungeon.
You worshipped Xom.
You were Xom's teddy bear.
You visited 1 branch of the dungeon, and saw 3 of its levels.

You collected 173 gold pieces.

Inventory:

Hand Weapons
 a - a +0 mace of chaos (weapon)
Armour
 b - a +2 leather armour (worn)
 e - a +0 pair of boots (worn)
 k - a +0 cloak
 q - a scarf of resistance (worn)
 r - a +0 helmet
Scrolls
 d - a scroll of immolation {unknown}
 i - 3 scrolls of identify {unknown}
 j - 2 scrolls of teleportation {unknown}
 m - 2 scrolls of noise {unknown}
 n - a scroll of fog {unknown}
 o - a scroll of poison {unknown}
 s - a scroll of fear {unknown}
 t - a scroll of enchant armour {unknown}
Potions
 f - 2 potions of curing
 g - 2 potions of flight
 l - 2 potions of haste {unknown}
 p - a potion of resistance {unknown}
 u - a potion of attraction {unknown}
Miscellaneous
 c - a piece from Xom's chessboard (15/15) (quivered)


   Skills:
 - Level 3.0 Fighting
 + Level 5.3 Maces & Flails
 - Level 1.7 Armour
 - Level 0.8 Dodging


You had 4 spell levels left.
You didn't know any spells.
Your spell library contained the following spells:

 Spells                   Type           Power      Damage    Failure   Level
 Ensorcelled Hibernation  Hex/Ice        0%         N/A       54%         2
 Passwall                 Tmut/Erth      0%         N/A       54%         2
 Summon Guardian Golem    Hex/Summ       0%         N/A       78%         3
 Swiftness                Air            0%         N/A       78%         3
 Orb of Destruction       Conj           0%         9d5       100%        7
 Spellforged Servitor     Conj/Summ      0%         N/A       100%        7


Dungeon Overview and Level Annotations

Branches:
Dungeon (3/15)

Altars:

Annotations:
D:3 Ijyb


Innate Abilities, Weirdness & Mutations

You may rarely emit foul miasma when damaged in melee.
You are partially covered in sharp spines.
You have a small tail.
Your touch may inflict minor irresistible damage on your foes.
You have a pair of small horns on your head.
Armour fits poorly on your strangely shaped body.
You are dopey. (Int -2)
You are very frail. (-20% HP)


Message History

Ijyb is lightly wounded.
Ijyb completely misses you. Ijyb claws you. Ijyb barely misses you.
You hit Ijyb.
Ijyb is lightly wounded.
Ijyb the swamp dragon changes into an orb spider!
You hit Ijyb but do no damage. Your touch misses Ijyb. Xom smiles on you.
Your +0 mace of chaos looks sharp.
Things that are here:
a +0 club; a +0 ring mail; a wand of flame (6) Ijyb the orb spider changes into a manticore!
You barely miss Ijyb. Ijyb bites you! Ijyb claws you!
* * * LOW HITPOINT WARNING * * *
Ijyb closely misses you.
You are too injured to fight recklessly!
You are too injured to fight recklessly!
You are too injured to fight recklessly!
It was a potion of heal wounds.
You feel much better. Ijyb bites you!!
Ouch! That really hurt!
* * * LOW HITPOINT WARNING * * *
Ijyb claws you.
* * * LOW HITPOINT WARNING * * *
Ijyb barely misses you.
You hit Ijyb. You freeze Ijyb.
Ijyb is lightly wounded.
Ijyb the manticore changes into a swamp dragon!
You barely miss Ijyb. You hit Ijyb but do no damage.
Ijyb flickers and vanishes!
Deactivating autopickup; reactivate with Ctrl-A.
Your tail-slap misses something.
You touch something!
Ijyb appears out of thin air!
Reactivating autopickup.
You hit Ijyb but do no damage.
Ijyb resists with almost no effort.
Your headbutt misses Ijyb.
You touch Ijyb.
Ijyb is moderately wounded.
Ijyb bites you.
* * * LOW HITPOINT WARNING * * *
Ijyb closely misses you. Ijyb claws you.
You die...
Xom bursts into laughter!

######### ..
.......k# ..
##@## .# ###
##...## .. ..#
#.#)#.### .#
#.###.#.....#
.#
#.#....?....#
.#######
#.#.##...##.#
......>#
#.#.###### .#
....##.###.#.#
#
###..........#


You could see Ijyb the lindwurm.

Vanquished Creatures
  Grinder (D:3)
  2 adders (D:3)
  2 worms
  2 dart slugs
  An orc (D:3)
  4 ball pythons
  6 bats
  8 endoplasms
  4 giant cockroaches
  3 hobgoblins
  7 jackals
  3 kobolds (D:1)
  3 quokkas (D:1)
  2 frilled lizards
  6 goblins
  2 rats
56 creatures vanquished.

Notes
Turn   | Place    | Note
-------+----------+-------------------------------------------
     0 | D:1      | StoneSoupSpirits the Demonspawn Chaos Knight began the
                  | quest for the Orb.
     0 | D:1      | Reached XP level 1. HP: 18/18 MP: 1/1
    71 | D:1      | XOM: silly message
   100 | D:1      | Reached skill level 3 in Maces & Flails
   377 | D:1      | Gained mutation: You are partially covered in sharp spines.
                  | [demonic ancestry]
   377 | D:1      | Reached XP level 2. HP: 24/24 MP: 2/2
   579 | D:1      | Discovered your monstrous ancestry.
   579 | D:1      | Gained mutation: Your touch may inflict minor irresistible
                  | damage on your foes. [demonic ancestry]
   579 | D:1      | Reached XP level 3. HP: 24/29 MP: 3/3
   711 | D:1      | Reached skill level 4 in Maces & Flails
  1456 | D:2      | XOM: divination: detect creatures
  1786 | D:3      | Gained mutation: You have a small tail. [demonic ancestry]
  1786 | D:3      | Reached XP level 4. HP: 35/35 MP: 4/4
  1801 | D:3      | Noticed Grinder
  1804 | D:3      | XOM: divine lightning
  1809 | D:3      | Killed Grinder
  1810 | D:3      | Reached skill level 5 in Maces & Flails
  1864 | D:3      | XOM: give mutations
  1864 | D:3      | Gained mutation: Your muscles are strong. (Str +4, Int/Dex
                  | -1) [Xom's grace]
  1864 | D:3      | Gained mutation: You have a pair of small horns on your
                  | head. [Xom's grace]
  2040 | D:3      | Gained mutation: You may rarely emit foul miasma when
                  | damaged in melee. [demonic ancestry]
  2040 | D:3      | Reached XP level 5. HP: 41/41 MP: 5/5
  2049 | D:3      | XOM: give mutation
  2049 | D:3      | Gained mutation: You are frail. (-10% HP) [Xom's mischief]
  2092 | D:3      | XOM: give mutations
  2092 | D:3      | Lost mutation: Your muscles are strong. (Str +4, Int/Dex
                  | -1) [Xom's mischief]
  2092 | D:3      | Gained mutation: Armour fits poorly on your strangely
                  | shaped body. [Xom's mischief]
  2092 | D:3      | Gained mutation: You are very frail. (-20% HP) [Xom's
                  | mischief]
  2092 | D:3      | Gained mutation: You are dopey. (Int -2) [Xom's mischief]
  2130 | D:3      | XOM: god gift: 36 gold pieces
  2134 | D:3      | Noticed Ijyb
  2136 | D:3      | Noticed Ijyb
  2136 | D:3      | Ijyb changed into Ijyb the glowing shapeshifter
  2136 | D:3      | Noticed Ijyb
  2136 | D:3      | Ijyb the glowing shapeshifter changed into Ijyb the faun
  2137 | D:3      | Noticed Ijyb
  2137 | D:3      | Ijyb the faun changed into Ijyb the lindwurm
  2138 | D:3      | Noticed Ijyb
  2138 | D:3      | Ijyb the lindwurm changed into Ijyb the glowing
                  | shapeshifter
  2138 | D:3      | Noticed Ijyb
  2138 | D:3      | Ijyb the glowing shapeshifter changed into Ijyb the swamp
                  | dragon
  2140 | D:3      | Noticed Ijyb
  2140 | D:3      | Ijyb the swamp dragon changed into Ijyb the orb spider
  2142 | D:3      | XOM: cleaving
  2144 | D:3      | Noticed Ijyb
  2144 | D:3      | Ijyb the orb spider changed into Ijyb the manticore
  2147 | D:3      | Noticed Ijyb
  2147 | D:3      | Ijyb the manticore changed into Ijyb the swamp dragon
  2149 | D:3      | Noticed Ijyb
  2150 | D:3      | Slain by Ijyb the lindwurm (glowing shapeshifter)

Illustrated notes

Levels and vault maps discovered:
D:1:      saegor_arrival_simple_d, layout_rooms, serial_bayou_pond_a
D:2:      layout_basic
D:3:      layout_loops_ring, columned_hall_lemuel, minmay_increasing_density,
          uniq_grinder, uniq_ijyb

Skill      XL: |  1  2  3  4 |
---------------+-------------+-----
Maces & Flails | 3 4 5 |  5.3
Fighting       | |  3.0
Armour         | |  1.7
Dodging        | |  0.8

Action                   |  1- 3 |  4- 6 || total
-------------------------+-------+-------++-------
Melee: Mace              |    68 |    23 ||    91
       Punch             |     1 |       ||     1
       Touch             |     4 |     4 ||     8
       Headbutt          |       |     4 ||     4
       Tailslap          |       |     1 ||     1
Evoke: Piece from Xom's  |       |     1 ||     1
  Use: Potion            |       |     3 ||     3
Armor: Leather armour    |    24 |     7 ||    31
Dodge: Dodged            |    33 |    10 ||    43

Table legend: (Time is in decaauts)
 A = Elapsed time spent in this place.
 B = Non-inter-level travel time spent in this place.
 C = Inter-level travel time spent in this place.
 D = Time resting spent in this place.
 E = Time spent auto-exploring this place.
 F = Levels seen in this place.
 G = Mean time per level.
                   A        B        C        D        E       F      G
               +--------+--------+--------+--------+--------+-----+--------+
         Total |   2166 |   2066 |    100 |    449 |   1284 |   3 |  722.0 |
       Dungeon |   2166 |   2066 |    100 |    449 |   1284 |   3 |  722.0 |
               +--------+--------+--------+--------+--------+-----+--------+

Top non-repeatable levels by time:
     D:1: 1087 daAuts
     D:3: 545 daAuts
     D:2: 533 daAuts
